 Dungeon Crawl Stone Soup version 0.30-a0-870-gc5d4c5acee (webtiles) character file.

Game seed: 5867779588153981103

196 greasedhog the Trooper (level 5, -2/91 HPs)
             Began as an Ogre Fighter on Mar 11, 2023.
             Slain by a gnoll
             ... wielding a +0 whip
             ... led by a gnoll sergeant
              (4 damage)
             ... on level 4 of the Dungeon.
             The game lasted 00:02:19 (2019 turns).

greasedhog the Trooper (Ogre Fighter)               Turns: 2019, Time: 00:02:19

Health: -2/91      AC:  3    Str: 22    XL:     5   Next: 74%
Magic:  5/5        EV:  8    Int:  9    God:
Gold:   107        SH:  7    Dex:  8    Spells: 4/4 levels left

rFire   . . .      SeeInvis .    a - +0 flail
rCold   . . .      Faith    .    c - +0 kite shield
rNeg    . . .      Spirit   .    m - +0 animal skin
rPois   .          Reflect  .    (helmet restricted)
rElec   .          Rampage  .    b - scarf {shadows}
rCorr   .                        (gloves unavailable)
Will    .....                    (boots unavailable) Stlth
                                 (no amulet)
HPRegen 0.35/turn                (no ring)
MPRegen 0.09/turn                (no ring)

@: berserking, very quick
A: large, unfitting armour, tough skin 1
a: no special abilities


You were on level 4 of the Dungeon.
You visited 1 branch of the dungeon, and saw 4 of its levels.

You collected 107 gold pieces.

Inventory:

Hand Weapons
 a - a +0 flail (weapon)
Missiles
 j - 2 poisoned darts (quivered)
Armour
 b - a scarf of shadows (worn)
 c - a +0 kite shield (worn)
 m - a +0 animal skin (worn)
Scrolls
 e - a scroll of amnesia {unknown}
 f - a scroll of teleportation {unknown}
 g - a scroll of enchant weapon {unknown}
 h - a scroll of fear {unknown}
 i - a scroll of identify {unknown}
 l - a scroll of immolation {unknown}
 o - a scroll of fog {unknown}
 p - a scroll of vulnerability {unknown}
Potions
 d - a potion of might
 k - a potion of mutation {unknown}


   Skills:
 * Level 6.4 Fighting
 * Level 3.9 Maces & Flails
 - Level 2.6 Dodging
 - Level 3.0 Shields


You had 4 spell levels left.
You didn't know any spells.
Your spell library was empty.

Dungeon Overview and Level Annotations

Branches:
Dungeon (4/15)
 Temple: D:4-7

Altars:


Innate Abilities, Weirdness & Mutations

You are too large for most types of armour.
You have tough skin. (AC +1)


Message History

You hit the gnoll.
The gnoll is severely wounded.
The gnoll hits you with a +0 whip!
The gnoll sergeant hits you from afar with a +0 trident.
You are too injured to fight recklessly!
You barely miss the gnoll.
The gnoll is severely wounded.
The gnoll barely misses you.
The gnoll sergeant hits you from afar with a +0 trident.
The gnoll attacks as you move away! You block the gnoll's attack.
The gnoll attacks as you move away! You block the gnoll's attack.
You see here a +0 sling.
The gnoll attacks as you move away! You block the gnoll's attack.
The gnoll attacks as you move away! You block the gnoll's attack.
The gnoll attacks as you move away! The gnoll hits you with a +0 whip.
An orc comes into view. It is wielding a +0 flail.
The orc shouts!
The gnoll attacks as you move away! The gnoll hits you with a +0 whip.
A ball python comes into view.
The ball python hisses angrily.
There is a stone staircase leading down here.
You block the orc's attack. The gnoll hits you with a +0 whip.
* * * LOW HITPOINT WARNING * * *
The gnoll sergeant hits you from afar with a +0 trident!
* * * LOW HITPOINT WARNING * * *
You climb downwards.
Found 2 clear potions.
There is a stone staircase leading up here.
You completely miss the gnoll.
The gnoll is heavily wounded.
The gnoll hits you with a +0 whip.
* * * LOW HITPOINT WARNING * * *
The orc completely misses you. The gnoll hits you with a +0 whip.
* * * LOW HITPOINT WARNING * * *
The orc closely misses you.
It was a potion of berserk rage.
A red film seems to cover your vision as you go berserk!
You feel yourself moving faster!
You feel mighty! The gnoll hits you with a +0 whip.
You die...

##.##
##
#...##
.
.....
#.#...
#.#..
#.o.#
#g@#
#..#
#.!#
...#
##.##
#. #.


You could see a gnoll and an orc.

Vanquished Creatures
  A hound (D:2)
  Jessica (D:2)
  Robin (D:3)
  5 adders
  4 worms
  2 dart slugs
  An orc (D:2)
  2 ball pythons (D:1)
  5 endoplasms
  2 giant cockroaches
  14 goblins
  6 hobgoblins
  3 jackals (D:1)
  3 kobolds
  4 quokkas
  5 bats
  4 frilled lizards (D:1)
  4 rats
67 creatures vanquished.

Notes
Turn   | Place    | Note
-------+----------+-------------------------------------------
     0 | D:1      | greasedhog the Ogre Fighter began the quest for the Orb.
     0 | D:1      | Reached XP level 1. HP: 24/24 MP: 1/1
   176 | D:1      | Reached XP level 2. HP: 29/33 MP: 2/2
   455 | D:1      | Reached XP level 3. HP: 38/41 MP: 3/3
   578 | D:2      | Reached skill level 5 in Fighting
   578 | D:2      | Reached XP level 4. HP: 48/50 MP: 4/4
  1395 | D:2      | Noticed Jessica
  1404 | D:2      | Killed Jessica
  1405 | D:2      | Reached skill level 6 in Fighting
  1405 | D:2      | Reached XP level 5. HP: 43/59 MP: 5/5
  1550 | D:3      | Identified the +2 helmet of Taxeixza {Dex+3}
  1550 | D:3      | Noticed Robin
  1566 | D:3      | Killed Robin
  2018 | D:4      | HP: 1/61 [gnoll/+0 whip[a gnoll sergeant] (6)]
  2019 | D:4      | Slain by a gnoll

Illustrated notes

Levels and vault maps discovered:
D:1:      moated_graveyard_arrival, layout_rooms, minmay_cupped
D:2:      layout_loops_corners, dk_noncrumbling_2, uniq_jessica
D:3:      layout_basic, mainiacjoe_overflow_six_doors_small,
          serial_corexii_hall, corexii_hall_statues_x, corexii_hall_statues_l,
          ebering_ghost_reflecting_pool, uniq_robin, uniq_sigmund
D:4:      layout_loops_corners, minitemple, lightli_temple_of_fire,
          elyvilon_altar_1, hangedman_decor_slide_cut, chequers_arboretum,
          grunt_ministairs_1, wad_orctagon

Skill      XL: |  1  2  3  4 |
---------------+-------------+-----
Maces & Flails | 2 3 |  3.9
Fighting       | 5 6 |  6.4
Dodging        | |  2.6
Shields        | |  3.0

Action                     |  1- 3 |  4- 6 || total
---------------------------+-------+-------++-------
  Melee: Flail             |    63 |   115 ||   178
  Throw: Dart              |       |     2 ||     2
    Use: Potion            |       |     1 ||     1
   Stab: Sleeping          |     1 |       ||     1
 Armour: Robe              |    21 |    15 ||    36
         Animal skin       |       |     8 ||     8
  Dodge: Dodged            |    21 |    36 ||    57
  Block: Kite shield       |    29 |    44 ||    73

Table legend: (Time is in decaauts)
 A = Elapsed time spent in this place.
 B = Non-inter-level travel time spent in this place.
 C = Inter-level travel time spent in this place.
 D = Time resting spent in this place.
 E = Time spent auto-exploring this place.
 F = Levels seen in this place.
 G = Mean time per level.
                   A        B        C        D        E       F      G
               +--------+--------+--------+--------+--------+-----+--------+
         Total |   2086 |   2052 |     34 |      0 |   1589 |   4 |  521.5 |
       Dungeon |   2086 |   2052 |     34 |      0 |   1589 |   4 |  521.5 |
               +--------+--------+--------+--------+--------+-----+--------+

Top non-repeatable levels by time:
     D:2: 1039 daAuts
     D:1: 539 daAuts
     D:3: 505 daAuts
     D:4: 2 daAuts
